[Event "Titled Tuesday Blitz May 9 Late 2023"]
[White "Kucuksari, Kaan"]
[Black "Bayo Milagro, Alvaro"]
[WhiteFideId "6380166"]
[BlackFideId "22275240"]
[WhiteElo "2364"]
[BlackElo "2270"]
[Result "0-1"]
[Round "09"]
[TimeControl "180+2"]
[Date "2023.05.09"]
[WhiteClock "0:00:07"]
[BlackClock "0:00:07"]

1. e4 e5 2. Nf3 Nc6 3. Bb5 Bc5 4. O-O Nd4 5. Nxd4 Bxd4 6. c3 Bb6 7. d4 c6 8. Bc4 d6 9. Qf3 Qf6 10. Qg3 h6 11. dxe5 dxe5 12. Be3 Ne7 13. Nd2 O-O 14. Nf3 Ng6 15. Rad1 Be6 16. Rd6 Bc7 17. Rxe6 fxe6 18. Qg4 Rfe8 19. h4 Bb6 20. h5 Nf8 21. Bxb6 axb6 22. a3 b5 23. Bb3 Rad8 24. Qg3 Qf4 25. Nxe5 Qxg3 26. fxg3 Re7 27. Rf2 Nd7 28. Ng6 Ree8 29. Kh2 Nf6 30. Re2 Nxh5 31. e5 Rd3 32. Rf2 Nxg3 33. Nf4 Re3 34. Nxe6 Ne4 35. Rf4 Kh8 36. Nf8 Nc5 37. Ng6+ Kh7 38. Bc2 Nd3 39. Rg4 h5 40. Rg5 Kh6 41. Rg3 Rxg3 42. Kxg3 Kxg6 43. Bxd3+ Kg5 44. Kf3 Rxe5 45. Bc2 Re1 46. Bd3 Re7 47. Kf2 Kf6 48. Bc2 g5 49. Bd1 g4 50. a4 bxa4 51. Bxa4 Kg5 52. Bc2 h4 53. Bd1 Kf4 54. Kf1 g3 55. Bb3 Re5 56. Bc4 Ra5 57. Ke2 Ra1 58. Be6 Rh1 59. b4 Rc1 60. Kd2 Rg1 61. Bh3 b6 62. Ke2 c5 63. bxc5 bxc5 64. Kd2 Rh1 65. Bd7 h3 0-1


[Site "https://www.chess.com"]

[Event "Titled Tuesday Blitz May 9 Late 2023"]
[White "Erzhanov, Arman"]
[Black "Averjanov, Alexey"]
[WhiteFideId "4138821"]
[BlackFideId "14109867"]
[WhiteElo "2138"]
[BlackElo "2704"]
[Result "0-1"]
[Round "09"]
[TimeControl "180+2"]
[Date "2023.05.09"]
[WhiteClock "0:00:00"]
[BlackClock "0:00:38"]

1. e4 c6 2. d4 d5 3. exd5 cxd5 4. c4 Nf6 5. Nc3 e6 6. c5 Be7 7. Nf3 O-O 8. Qc2 b6 9. b4 a5 10. Na4 axb4 11. Nxb6 Ra5 12. Bd3 Nc6 13. Bb2 e5 14. Nxc8 Qxc8 15. dxe5 Rxc5 16. Qe2 Nh5 17. O-O Nf4 18. Qd2 Qg4 19. Ne1 d4 20. f3 Qg5 21. Bc1 Rxc1 22. Qxc1 Nxe5 23. Qc2 Bd6 24. Rd1 Qh6 25. Be4 d3 26. Qf2 Ne2+ 27. Kh1 Ng4 0-1


[Site "https://www.chess.com"]

[Event "Titled Tuesday Blitz May 9 Late 2023"]
[White "Simonian, Hrair"]
[Black "Adewumi, Tanitoluwa"]
[WhiteFideId "13302337"]
[BlackFideId "30966396"]
[WhiteElo "2447"]
[BlackElo "2565"]
[Result "0-1"]
[Round "09"]
[TimeControl "180+2"]
[Date "2023.05.09"]
[WhiteClock "0:00:02"]
[BlackClock "0:00:03"]

1. e4 c5 2. Nf3 e6 3. d4 cxd4 4. Nxd4 Nc6 5. Nc3 Qc7 6. Be3 a6 7. Qf3 Bd6 8. O-O-O Be5 9. Nxc6 bxc6 10. Bd4 Bxd4 11. Rxd4 Nf6 12. Qe3 e5 13. Rd1 O-O 14. g4 d5 15. g5 d4 16. Qf3 Ne8 17. Nb1 f5 18. exf5 Bxf5 19. Bc4+ Kh8 20. Qg3 Nd6 21. Bb3 Ne4 22. Qh4 Bg6 23. f3 Rxf3 24. Rhf1 Raf8 25. Rxf3 Rxf3 26. Qg4 Rf4 27. Qe6 Bf7 28. Qh3 Nf2 29. Qg3 Nxd1 30. Nd2 Ne3 31. g6 Bxg6 32. Qh3 Qe7 33. a3 Qf8 34. Kb1 Rf1+ 35. Ka2 Qf3 36. Qc8+ Qf8 37. Qxc6 Rc1 38. Qd6 Qxd6 39. Nc4 Nxc4 40. Bxc4 Bxc2 0-1


[Site "https://www.chess.com"]

[Event "Titled Tuesday Blitz May 9 Late 2023"]
[White "Matinian, Nikita"]
[Black "Karttunen, Mika"]
[WhiteFideId "24129100"]
[BlackFideId "502081"]
[WhiteElo "2422"]
[BlackElo "2396"]
[Result "1-0"]
[Round "09"]
[TimeControl "180+2"]
[Date "2023.05.09"]
[WhiteClock "0:00:02"]
[BlackClock "0:00:00"]

1. e4 c5 2. Nf3 d6 3. d4 cxd4 4. Nxd4 Nf6 5. Nc3 a6 6. Bg5 e6 7. Qf3 Nbd7 8. O-O-O Qc7 9. Be2 h6 10. Be3 h5 11. Qh3 Nc5 12. f3 b5 13. a3 Bd7 14. g4 g6 15. g5 Ng8 16. Qg3 Ne7 17. Bxb5 Bg7 18. Bxd7+ Nxd7 19. Nde2 Ne5 20. f4 Nc4 21. Bd4 e5 22. fxe5 dxe5 23. Nd5 Nxd5 24. exd5 Rc8 25. Bc3 O-O 26. h4 Nd6 27. Qd3 e4 28. Qxa6 Qc5 29. Nd4 Rfe8 30. Bb4 Qxd5 31. Qxd6 Qa2 32. c3 Red8 33. Qb6 e3 34. Ne2 Rd2 35. Rxd2 exd2+ 36. Kc2 d1=Q+ 37. Rxd1 Re8 38. Rd2 Qc4 39. Qf2 Qe4+ 40. Kc1 Qh1+ 41. Qg1 Qe4 42. Qd1 Be5 43. a4 Bf4 44. Nxf4 Qxf4 45. a5 Rd8 46. a6 Ra8 47. a7 Rxa7 48. Kb1 Qf5+ 49. Qc2 Qf1+ 50. Rd1 Qb5 51. Rd8+ 1-0


[Site "https://www.chess.com"]

[Event "Titled Tuesday Blitz May 9 Late 2023"]
[White "Arabidze, Meri"]
[Black "Sreyas Payyappat"]
[WhiteFideId "13604040"]
[BlackFideId "46674969"]
[WhiteElo "2405"]
[BlackElo "2043"]
[Result "1-0"]
[Round "09"]
[TimeControl "180+2"]
[Date "2023.05.09"]
[WhiteClock "0:00:39"]
[BlackClock "0:00:13"]

1. d4 Nf6 2. c4 c5 3. d5 e6 4. Nc3 exd5 5. cxd5 d6 6. e4 g6 7. Nge2 Bg7 8. Ng3 O-O 9. Be2 Re8 10. f3 Nbd7 11. O-O Rb8 12. a4 a6 13. Bg5 h6 14. Bf4 Qb6 15. Qd2 g5 16. Be3 Ne5 17. Kh1 Ng6 18. a5 Qc7 19. Na4 Bd7 20. Nb6 Bb5 21. Nf5 Re5 22. Nxg7 Kxg7 23. Rac1 Rbe8 24. b4 Bxe2 25. Qxe2 Nxe4 26. fxe4 Rxe4 27. Qb2+ Kg8 28. Bg1 Qd7 29. bxc5 Re2 30. Qd4 Nh4 31. c6 bxc6 32. dxc6 Qc7 33. Nd5 Qc8 34. Nf6+ Kf8 35. Nxe8 Rxe8 36. Qh8+ Ke7 37. Rce1+ 1-0


[Site "https://www.chess.com"]

[Event "Titled Tuesday Blitz May 9 Late 2023"]
[White "Jaracz, Pawel"]
[Black "Ezat, Mohamed"]
[WhiteFideId "1102222"]
[BlackFideId "10600906"]
[WhiteElo "2438"]
[BlackElo "2386"]
[Result "0-1"]
[Round "09"]
[TimeControl "180+2"]
[Date "2023.05.09"]
[WhiteClock "0:01:01"]
[BlackClock "0:01:20"]

1. Nf3 Nf6 2. d4 g6 3. c4 Bg7 4. Nc3 O-O 5. e3 d6 6. Be2 Nbd7 7. Qc2 e5 8. O-O Re8 9. Rd1 e4 10. Nd2 Qe7 11. b4 Nf8 12. b5 h5 13. a4 N8h7 14. Ba3 Ng5 15. Rac1 Bf5 16. a5 Ng4 17. Nf1 Nf3+ 18. gxf3 exf3 19. Bd3 Qh4 20. Nd5 Bh6 21. Nf6+ Kh8 22. Nxg4 Qh3 0-1


[Site "https://www.chess.com"]

[Event "Titled Tuesday Blitz May 9 Late 2023"]
[White "Rodriguez Fontecha, Marcos"]
[Black "benny_aizenberg"]
[WhiteFideId "2256576"]
[WhiteElo "2249"]
[BlackElo "2651"]
[Result "0-1"]
[Round "09"]
[TimeControl "180+2"]
[Date "2023.05.09"]
[WhiteClock "0:00:02"]
[BlackClock "0:00:25"]

1. Nf3 c5 2. d4 cxd4 3. Qxd4 Nc6 4. Qh4 Nf6 5. Nc3 d5 6. Bg5 e6 7. O-O-O Be7 8. e4 h6 9. exd5 exd5 10. Bd3 Be6 11. Rhe1 O-O 12. Bxh6 gxh6 13. Qxh6 Re8 14. Ng5 Bf8 15. Bh7+ Kh8 16. Qh4 Kg7 17. Re3 Bd6 18. Rde1 d4 19. Rxe6 fxe6 20. Nce4 Nxe4 21. Rxe4 Qf6 22. Rg4 Kf8 23. Bd3 Ke7 24. Qh7+ Kd8 25. Nf7+ Kc7 26. Nxd6+ Kxd6 27. Rg7 Re7 28. Rxe7 Nxe7 29. f3 Rh8 30. Qe4 Nd5 31. c4 Qf4+ 32. Kd1 Qxe4 33. Bxe4 Ne3+ 34. Ke2 Nxg2 35. Bxb7 Rxh2 36. Kd3 e5 37. b4 Nf4+ 38. Ke4 Ke6 39. Bc8+ Kf6 40. c5 Re2# 0-1


[Site "https://www.chess.com"]

[Event "Titled Tuesday Blitz May 9 Late 2023"]
[White "Guz, Ari"]
[Black "TimGrutter03"]
[WhiteFideId "2825759"]
[WhiteElo "2205"]
[BlackElo "2622"]
[Result "0-1"]
[Round "09"]
[TimeControl "180+2"]
[Date "2023.05.09"]
[WhiteClock "0:00:33"]
[BlackClock "0:00:09"]

1. b3 e5 2. Bb2 Nc6 3. e3 g6 4. d4 Bg7 5. Nf3 e4 6. Nfd2 f5 7. c4 Nge7 8. Nc3 O-O 9. f3 exf3 10. Qxf3 a5 11. O-O-O a4 12. Nxa4 Kh8 13. Nc3 b6 14. h4 Bb7 15. h5 g5 16. h6 Bf6 17. d5 Ne5 18. Qg3 N7g6 19. Nf3 Nxf3 20. gxf3 Qe7 21. Bd3 Qxe3+ 22. Kb1 Be5 23. Qg2 Nh4 24. Rxh4 gxh4 25. Ne4 Qf4 26. Qg5 Qh2 27. Rd2 Qh1+ 28. Kc2 Bxb2 29. Kxb2 Rxa2+ 30. Kxa2 Ra8+ 31. Kb2 Qa1+ 32. Kc2 Ra2# 0-1


[Site "https://www.chess.com"]

[Event "Titled Tuesday Blitz May 9 Late 2023"]
[White "Martinez, Shawn"]
[Black "Kuznetsov, Felix"]
[WhiteFideId "2039770"]
[BlackFideId "34147990"]
[WhiteElo "2174"]
[BlackElo "2281"]
[Result "1-0"]
[Round "09"]
[TimeControl "180+2"]
[Date "2023.05.09"]
[WhiteClock "0:00:04"]
[BlackClock "0:00:03"]

1. e4 c5 2. Nc3 d6 3. Bb5+ Bd7 4. a4 g6 5. f4 Bg7 6. Nf3 Nc6 7. O-O e6 8. d3 Nge7 9. Qe1 O-O 10. Bd2 Nd4 11. Nxd4 cxd4 12. Ne2 Bxb5 13. axb5 Qb6 14. Qh4 Rfe8 15. f5 gxf5 16. Bg5 Ng6 17. Qh5 fxe4 18. Rxf7 Kxf7 19. Qxh7 Ne7 20. Rf1+ Nf5 21. Nf4 Qc7 22. Nh5 Kf8 23. Bh6 Qf7 24. Bxg7+ Ke7 25. dxe4 Rh8 26. Bf6+ Ke8 27. Qxh8+ Kd7 28. Qxa8 Kc7 29. Qxa7 Ne3 30. Qa5+ Kb8 31. Qd8+ Ka7 32. Qa5+ Kb8 33. b6 Qg6 34. Qa7+ Kc8 35. Qa8+ Kd7 36. Qxb7+ Ke8 37. Qe7# 1-0


[Site "https://www.chess.com"]

[Event "Titled Tuesday Blitz May 9 Late 2023"]
[White "ATM622"]
[Black "Aydincelebi, Kagan"]
[BlackFideId "6361102"]
[WhiteElo "2591"]
[BlackElo "2180"]
[Result "1-0"]
[Round "09"]
[TimeControl "180+2"]
[Date "2023.05.09"]
[WhiteClock "0:01:41"]
[BlackClock "0:00:46"]

1. d4 Nf6 2. c4 e6 3. g3 c5 4. d5 exd5 5. cxd5 d6 6. Bg2 g6 7. Nf3 Bg7 8. O-O O-O 9. Nc3 Na6 10. e4 Re8 11. Nd2 Nc7 12. a4 b6 13. f4 Ba6 14. Re1 Nd7 15. Nf3 Rb8 16. Qc2 Bb7 17. b3 Na6 18. Bb2 Nb4 19. Qd2 Ba6 20. Bf1 Bxf1 21. Rxf1 a6 22. Rae1 b5 23. axb5 axb5 24. Re2 Qb6 25. Kg2 c4 26. bxc4 bxc4 27. Na4 Qa5 28. Bxg7 Kxg7 29. Qd4+ Kg8 30. Nb2 Nd3 31. Nxc4 Qa4 32. Qxd3 Rb3 33. Qc2 Rc8 34. Rb1 Rxc4 35. Qxb3 Qa6 36. Qb5 Qc8 37. Qb7 Qd8 38. e5 dxe5 39. fxe5 Nf8 40. e6 1-0


[Site "https://www.chess.com"]

[Event "Titled Tuesday Blitz May 9 Late 2023"]
[White "Pasti, Aron"]
[Black "Kourkoulos-Arditis, Stamatis"]
[WhiteFideId "785857"]
[BlackFideId "4221990"]
[WhiteElo "2173"]
[BlackElo "2400"]
[Result "0-1"]
[Round "09"]
[TimeControl "180+2"]
[Date "2023.05.09"]
[WhiteClock "0:00:02"]
[BlackClock "0:00:06"]

1. e4 c5 2. Nf3 e6 3. d4 cxd4 4. Nxd4 Nf6 5. Nc3 d6 6. Bg5 Nc6 7. Qd2 h6 8. Bxf6 gxf6 9. O-O-O a6 10. Kb1 Bd7 11. f4 h5 12. f5 Bh6 13. Qe1 Bf4 14. fxe6 fxe6 15. g3 Be5 16. Nce2 Qb6 17. c3 O-O-O 18. Bh3 Rhe8 19. Nxc6 bxc6 20. Nf4 Kc7 21. Nxh5 Rb8 22. Qd2 Rh8 23. Nf4 Bxf4 24. gxf4 Qc5 25. Bg4 Rb6 26. Qd3 Rhb8 27. Rd2 Qa3 28. b4 c5 29. e5 fxe5 30. fxe5 d5 31. Rc1 Kd8 32. Qh7 cxb4 33. c4 b3 34. Qh8+ Kc7 35. cxd5+ Kb7 36. Qxb8+ Kxb8 37. Ka1 Qxc1# 0-1


[Site "https://www.chess.com"]

[Event "Titled Tuesday Blitz May 9 Late 2023"]
[White "Tologon tegin, Semetei"]
[Black "Gorshtein, Ido"]
[WhiteFideId "13800574"]
[BlackFideId "2815532"]
[WhiteElo "2247"]
[BlackElo "2415"]
[Result "1-0"]
[Round "09"]
[TimeControl "180+2"]
[Date "2023.05.09"]
[WhiteClock "0:00:56"]
[BlackClock "0:01:22"]

1. Nf3 c5 2. e3 Nc6 3. d4 cxd4 4. exd4 d5 5. h3 Bf5 6. Bd3 Bg6 7. O-O e6 8. c3 Bd6 9. Re1 Nge7 10. Bg5 f6 11. Bh4 Bf7 12. Nbd2 Qc7 13. Nf1 O-O-O 14. b4 g5 15. Bg3 h5 16. N3d2 Rdg8 17. Bxd6 Qxd6 18. b5 Na5 19. Qa4 b6 20. Nb3 Kd8 21. Nxa5 bxa5 22. Qxa5+ Ke8 23. Qxa7 Kf8 24. Qc5 Qd7 25. b6 h4 26. Ne3 Kg7 27. a4 Ng6 28. Bxg6 Bxg6 29. a5 Rc8 30. Qb4 f5 31. b7 1-0


[Site "https://www.chess.com"]

[Event "Titled Tuesday Blitz May 9 Late 2023"]
[White "Spitzl, Vinzent"]
[Black "Amburgy, Ryan"]
[WhiteFideId "12901253"]
[BlackFideId "30924820"]
[WhiteElo "2225"]
[BlackElo "2134"]
[Result "1/2-1/2"]
[Round "09"]
[TimeControl "180+2"]
[Date "2023.05.09"]
[WhiteClock "0:00:03"]
[BlackClock "0:00:09"]

1. e4 c6 2. d4 d5 3. exd5 cxd5 4. Bd3 Nf6 5. c3 Bg4 6. Qb3 Qd7 7. Bf4 Nc6 8. Nd2 e6 9. h3 Bh5 10. Ngf3 Bd6 11. Bxd6 Qxd6 12. O-O O-O 13. Rfe1 Rab8 14. Ne5 Qc7 15. g3 Nxe5 16. Rxe5 Bg6 17. Bxg6 hxg6 18. Qd1 b5 19. a3 a5 20. Re3 b4 21. axb4 axb4 22. h4 bxc3 23. bxc3 Rb2 24. Rb1 Rfb8 25. Rxb2 Rxb2 26. Qc1 Qb8 27. Kg2 Ng4 28. Rd3 Qb5 29. Rf3 e5 30. c4 dxc4 31. Qxc4 exd4 32. Qxb5 Rxb5 33. Rf4 f5 34. Rxd4 Rb2 35. Rd8+ Kf7 36. Kf1 Ne5 37. Ke2 Ke7 38. Rd4 Ke6 39. Rd8 Nc4 40. Rd4 Ne5 41. Rd8 Ra2 42. Rd4 Ng4 43. Rd8 Nf6 44. Rd4 Ne4 45. Ke3 Ra3+ 46. Ke2 Ke5 47. Nc4+ Kxd4 48. Nxa3 Kc3 49. Nb5+ Kb4 50. Nc7 Nf6 51. Ne6 Ne4 52. Nxg7 Kc5 53. Ne6+ Kd6 54. Nf4 g5 55. Ng2 gxh4 56. gxh4 Ke5 57. Ke3 f4+ 58. Nxf4 Nxf2 59. Nd3+ Nxd3 60. Kxd3 Kf5 61. Ke3 Kg4 62. Ke4 Kxh4 1/2-1/2


[Site "https://www.chess.com"]

[Event "Titled Tuesday Blitz May 9 Late 2023"]
[White "Lenaerts, Lennert"]
[Black "Seletsky, Grigory"]
[WhiteFideId "211435"]
[BlackFideId "14112191"]
[WhiteElo "2334"]
[BlackElo "2491"]
[Result "0-1"]
[Round "09"]
[TimeControl "180+2"]
[Date "2023.05.09"]
[WhiteClock "0:01:00"]
[BlackClock "0:02:14"]

1. d4 c5 2. d5 e5 3. c4 d6 4. Nc3 Nf6 5. e4 Be7 6. h3 O-O 7. Bd3 Ne8 8. Nf3 Na6 9. g4 Nac7 10. Be3 Rb8 11. a4 a6 12. Qd2 Bd7 13. a5 b5 14. axb6 Rxb6 15. O-O h5 16. Nh2 hxg4 17. hxg4 Qc8 18. Be2 Qb7 19. Rfb1 Nf6 20. g5 Nh7 21. Bg4 Bxg4 22. Nxg4 Rb8 23. Ra2 Qc8 24. f3 Qd8 25. g6 fxg6 26. Kg2 Bg5 27. Na4 Bxe3 28. Qxe3 Rb3 29. Nc3 Qg5 30. Qxg5 Nxg5 0-1


[Site "https://www.chess.com"]

[Event "Titled Tuesday Blitz May 9 Late 2023"]
[White "Manukyan, Sargis A."]
[Black "Gonzalez, Francisco Silva"]
[WhiteFideId "13303970"]
[BlackFideId "1512285"]
[WhiteElo "2187"]
[BlackElo "2074"]
[Result "1-0"]
[Round "09"]
[TimeControl "180+2"]
[Date "2023.05.09"]
[WhiteClock "0:00:58"]
[BlackClock "0:00:00"]

1. d4 Nf6 2. c4 e6 3. Nc3 Bb4 4. a3 Bxc3+ 5. bxc3 c5 6. e3 Nc6 7. Bd3 d6 8. Ne2 b6 9. O-O e5 10. Ng3 Na5 11. d5 Ba6 12. f4 Nd7 13. e4 g6 14. f5 h5 15. Qf3 Qe7 16. fxg6 fxg6 17. h4 Qxh4 18. Qf7+ Kd8 19. Qxg6 Qg4 20. Bg5+ Kc7 21. Nf5 Nb7 22. Ne3 Rag8 23. Qxg8 Rxg8 24. Nxg4 Rxg5 25. Nf6 Rg3 26. Nxd7 Rxd3 27. Rf7 Nd8 28. Rh7 Rxc3 29. Nxc5+ Kc8 30. Nxa6 Rxc4 31. Rf1 b5 32. Rf8 h4 33. Rhh8 Kb7 34. Nb4 a5 35. Nc6 Nxc6 36. dxc6+ Rxc6 37. Rb8+ Ka6 38. Ra8+ Kb6 39. Rhb8+ Kc5 40. Rxa5 Kd4 41. Raxb5 Kxe4 42. Rb4+ Ke3 43. Rb3+ Ke2 44. Rb2+ Ke3 45. R8b3+ Ke4 46. a4 d5 47. a5 Ra6 48. Ra3 d4 49. Rb6 Ra8 50. a6 d3 51. a7 h3 52. gxh3 Ke3 53. Rb8 Rxa7 54. Rxa7 e4 55. Rd7 Ke2 56. Rbd8 d2 57. Rxd2+ Ke1 58. Kg2 e3 59. Ra2 1-0


[Site "https://www.chess.com"]

[Event "Titled Tuesday Blitz May 9 Late 2023"]
[White "Marcziter, Dmitrii"]
[Black "Schnaider, Ilan"]
[WhiteFideId "13900765"]
[BlackFideId "169013"]
[WhiteElo "2162"]
[BlackElo "2224"]
[Result "0-1"]
[Round "09"]
[TimeControl "180+2"]
[Date "2023.05.09"]
[WhiteClock "0:00:35"]
[BlackClock "0:01:56"]

1. d4 Nf6 2. c4 g6 3. Nf3 Bg7 4. g3 O-O 5. Bg2 d5 6. cxd5 Nxd5 7. O-O Nc6 8. e4 Nb6 9. d5 Na5 10. Nc3 c6 11. Nd4 cxd5 12. exd5 Nac4 13. b3 Nd6 14. Bb2 Nf5 15. Nde2 Bd7 16. Rc1 Rc8 17. Qd2 e5 18. Ne4 Bb5 19. Rxc8 Qxc8 20. Rc1 Qd8 21. N2c3 Bd7 22. Nc5 Bh6 23. f4 exf4 24. N3e4 f3 25. Qc2 Be3+ 26. Kh1 fxg2+ 27. Kxg2 Bxc1 28. Nf6+ Qxf6 29. Bxf6 Ne3+ 30. Kf3 Nxc2 31. Nxb7 Nxd5 0-1


[Site "https://www.chess.com"]

[Event "Titled Tuesday Blitz May 9 Late 2023"]
[White "Wizard_of_Odds"]
[Black "Omranalhosani21"]
[WhiteElo "2361"]
[BlackElo "2614"]
[Result "0-1"]
[Round "09"]
[TimeControl "180+2"]
[Date "2023.05.09"]
[WhiteClock "0:00:00"]
[BlackClock "0:00:08"]

1. d4 Nf6 2. c4 e6 3. Nc3 d5 4. cxd5 exd5 5. Bf4 Bd6 6. Bxd6 Qxd6 7. e3 c6 8. Bd3 O-O 9. h3 Re8 10. Nge2 a6 11. O-O Nbd7 12. Rc1 b6 13. Re1 Bb7 14. Ng3 g6 15. Nge2 c5 16. b3 c4 17. bxc4 dxc4 18. Bb1 b5 19. Ng3 b4 20. Nce2 c3 21. Nf4 Nb6 22. Nd3 Ne4 23. Nxe4 Bxe4 24. Qb3 a5 25. a3 Bd5 26. Qc2 Rac8 27. Ba2 Bxa2 28. Qxa2 Qd5 29. Qxd5 Nxd5 30. e4 Nf6 31. axb4 axb4 32. Nxb4 Nxe4 33. f3 Ng3 34. Rxe8+ Rxe8 35. Kf2 Nf5 36. Nc6 Nxd4 37. Nxd4 Rd8 38. Ke3 Ra8 39. Rxc3 Ra2 40. Rc2 Ra3+ 41. Kf2 Kg7 42. Ne2 Ra4 43. g3 h5 44. h4 Kf6 45. Nf4 Ra3 46. Re2 Rb3 47. Nd5+ Kg7 48. Re5 Rb2+ 49. Ke3 Rb3+ 50. Kf4 Ra3 51. Ne3 Ra4+ 52. Re4 Ra5 53. Nc4 Rc5 54. Ne5 f6 55. Nd3 Rd5 56. Re7+ Kf8 57. Re3 Rd4+ 0-1


[Site "https://www.chess.com"]

[Event "Titled Tuesday Blitz May 9 Late 2023"]
[White "Przybylski, Wojciech"]
[Black "Filgueira, Hernan"]
[WhiteFideId "1117599"]
[BlackFideId "101770"]
[WhiteElo "2222"]
[BlackElo "2363"]
[Result "1-0"]
[Round "09"]
[TimeControl "180+2"]
[Date "2023.05.09"]
[WhiteClock "0:00:03"]
[BlackClock "0:00:00"]

1. e4 c5 2. Nf3 e6 3. c3 Nf6 4. Bd3 d5 5. e5 Nfd7 6. O-O b6 7. Re1 Ba6 8. Bc2 Nc6 9. d4 Rc8 10. Bg5 Be7 11. Bxe7 Qxe7 12. Nbd2 cxd4 13. cxd4 Nb4 14. Bb1 Nd3 15. Bxd3 Bxd3 16. Qa4 a6 17. Rac1 O-O 18. h3 a5 19. a3 Nb8 20. Qb3 Bg6 21. Qxb6 a4 22. Rc5 Rxc5 23. dxc5 Rc8 24. Rc1 Nc6 25. Qa6 Qc7 26. Qxa4 Nxe5 27. Nxe5 Qxe5 28. Nf3 Qxb2 29. Re1 Qc3 30. c6 Qxc6 31. Qb4 Qc3 32. Qb7 Be4 33. Rf1 h6 34. a4 Bxf3 35. gxf3 Qc4 36. a5 Rc7 37. Qb8+ Kh7 38. a6 Qc5 39. a7 Qxa7 40. Qb1+ 1-0


[Site "https://www.chess.com"]

[Event "Titled Tuesday Blitz May 9 Late 2023"]
[White "Jovic, Stanoje"]
[Black "Howell, David W L"]
[WhiteFideId "905020"]
[BlackFideId "410608"]
[WhiteElo "2236"]
[BlackElo "2567"]
[Result "0-1"]
[Round "09"]
[TimeControl "180+2"]
[Date "2023.05.09"]
[WhiteClock "0:00:00"]
[BlackClock "0:00:03"]

1. c4 e5 2. g3 c6 3. d4 exd4 4. Qxd4 Na6 5. Bg2 Nf6 6. Nc3 Bc5 7. Qe5+ Be7 8. Nf3 O-O 9. O-O Re8 10. Qd4 d5 11. cxd5 Nb4 12. Qd1 Nfxd5 13. Nxd5 Nxd5 14. Bd2 Bf6 15. Bc1 Qb6 16. Nd2 Bg4 17. Bf3 Bh3 18. Bg2 Bg4 19. Bf3 Bxf3 20. exf3 Rad8 21. a3 Bd4 22. Ne4 f5 23. Ng5 h6 24. Nh3 Qc5 25. Qb3 Rd7 26. Nf4 Kh7 27. Nxd5 Qxd5 28. Qxd5 Rxd5 29. Rb1 Re2 30. b4 Rde5 31. h4 Kg6 32. Kg2 Bb6 33. Bf4 Rd5 34. a4 a6 35. a5 Ba7 36. Rb3 Rb5 0-1


[Site "https://www.chess.com"]

[Event "Titled Tuesday Blitz May 9 Late 2023"]
[White "Remolar Gallen, Jose"]
[Black "Hambleton, Aman"]
[WhiteFideId "2215187"]
[BlackFideId "2606577"]
[WhiteElo "2223"]
[BlackElo "2511"]
[Result "1-0"]
[Round "09"]
[TimeControl "180+2"]
[Date "2023.05.09"]
[WhiteClock "0:00:17"]
[BlackClock "0:00:04"]

1. e4 b6 2. Nc3 Bb7 3. Bc4 e6 4. Bb3 Nf6 5. Qe2 d5 6. exd5 Nxd5 7. Nxd5 Bxd5 8. Nf3 Be7 9. d4 O-O 10. c4 Bb4+ 11. Kf1 Bb7 12. Be3 Nd7 13. Rd1 Qf6 14. h4 Bd6 15. Bc2 Bxf3 16. gxf3 Bf4 17. Qd3 g6 18. Qe4 Bxe3 19. fxe3 Qf5 20. Ke2 Nf6 21. Qxf5 exf5 22. Rhe1 Rfe8 23. Kf2 Rad8 24. b4 Re6 25. e4 fxe4 26. fxe4 c5 27. e5 Ng4+ 28. Kg3 h5 29. dxc5 Rxd1 30. Rxd1 bxc5 31. bxc5 Ne3 32. Rd8+ Kg7 33. Be4 Rxe5 34. Bd5 Re7 35. c6 Nf5+ 36. Kf4 Rc7 37. Rd7 Rc8 38. Rxf7+ Kh6 39. Rxa7 Nd6 40. Ke5 Ne8 41. Re7 g5 42. Re6+ Kg7 43. hxg5 h4 44. Rh6 Nc7 45. Rxh4 Rd8 46. Rf4 Ne8 47. Rf7+ Kg6 48. Re7 Kxg5 49. c7 Rc8 50. Rxe8 Rxc7 51. Rg8+ Kh5 52. Kd6 Ra7 53. c5 Kh6 54. c6 Kh7 55. Rd8 Kg6 56. Rd7 Ra3 57. c7 Rc3 58. Bc6 Rd3+ 59. Ke7 Re3+ 60. Kd8 Kf6 61. c8=Q Re6 62. Qc7 Kg6 63. Rd6 Rf6 64. Rxf6+ Kxf6 65. Qd6+ Kg7 66. a4 Kh8 67. a5 Kg7 68. a6 Kf7 69. a7 Kg7 70. a8=Q Kf7 71. Qb7+ Kg8 72. Qg6+ Kf8 73. Qgg7# 1-0


[Site "https://www.chess.com"]

[Event "Titled Tuesday Blitz May 9 Late 2023"]
[White "Tanenbaum, Zachary"]
[Black "OPQRC"]
[WhiteFideId "2060850"]
[WhiteElo "2175"]
[BlackElo "2487"]
[Result "1-0"]
[Round "09"]
[TimeControl "180+2"]
[Date "2023.05.09"]
[WhiteClock "0:00:05"]
[BlackClock "0:00:00"]

1. e4 c5 2. Nf3 Nc6 3. Nc3 e6 4. d4 cxd4 5. Nxd4 Nf6 6. Ndb5 d6 7. Bf4 e5 8. Bg5 a6 9. Bxf6 gxf6 10. Na3 b5 11. Nd5 Bg7 12. c3 O-O 13. Be2 Ne7 14. Nxe7+ Qxe7 15. Nc2 Bb7 16. Bf3 f5 17. exf5 e4 18. Be2 Qg5 19. Ne3 b4 20. Rc1 bxc3 21. bxc3 Be5 22. O-O Kh8 23. Rb1 Bc8 24. Qd5 Bxf5 25. Nxf5 Qxf5 26. f4 exf3 27. Bxf3 Rac8 28. Rb4 Rxc3 29. Rh4 Qg5 30. Rh5 Qe3+ 31. Kh1 Rc1 32. Bd1 Qc5 33. Qd3 f5 34. Rhxf5 Rxf5 35. Qxf5 Qc8 36. Qg5 Bg7 37. Qd2 Qc3 38. Qxd6 Qc8 39. h3 a5 40. a4 h6 41. Qd3 Qc4 42. Qf5 Ra1 43. Kh2 1-0


[Site "https://www.chess.com"]

[Event "Titled Tuesday Blitz May 9 Late 2023"]
[White "Ladan, Nicholas"]
[Black "Bolourchifard, Farzad"]
[WhiteFideId "30918855"]
[BlackFideId "12510084"]
[WhiteElo "2167"]
[BlackElo "2317"]
[Result "1-0"]
[Round "09"]
[TimeControl "180+2"]
[Date "2023.05.09"]
[WhiteClock "0:00:14"]
[BlackClock "0:00:16"]

1. d4 Nf6 2. Nf3 e6 3. Bf4 c5 4. e3 b6 5. c3 Be7 6. Nbd2 O-O 7. Nc4 d6 8. a4 Ba6 9. Bd3 Nc6 10. O-O cxd4 11. exd4 Rc8 12. Bg3 Nh5 13. Nxd6 Bxd6 14. Bxa6 Nxg3 15. hxg3 Rc7 16. g4 Na5 17. g3 h6 18. Bd3 Be7 19. Kg2 Qd5 20. Qe2 Rd8 21. Rh1 Bf8 22. Rh5 Qc6 23. g5 g6 24. Rxh6 Bxh6 25. gxh6 Kh8 26. Qe5+ f6 27. Qxf6+ Kg8 28. Qxd8+ Kh7 29. Qf6 e5 30. Bxg6+ Kg8 31. h7+ Rxh7 32. Bxh7+ Kxh7 33. Qxc6 Nxc6 34. dxe5 Kg6 35. Rh1 Kf5 36. Rh5+ Ke4 37. e6 Ne7 38. Rh7 Nd5 39. e7 Nxe7 40. Rxe7+ Kd3 41. Rxa7 Kc2 42. Rb7 Kb3 43. Rxb6+ Kc4 44. a5 Kd5 45. Rb4 Kc5 46. a6 Kd6 47. a7 Ke6 48. a8=Q Kf5 49. Qa5+ Kg6 50. Rb6+ Kf7 51. Qa7+ Ke8 52. Rb8# 1-0


[Site "https://www.chess.com"]

[Event "Titled Tuesday Blitz May 9 Late 2023"]
[White "KorolDimitriy75"]
[Black "Sowa, Ryan"]
[BlackFideId "30901693"]
[WhiteElo "2462"]
[BlackElo "2635"]
[Result "0-1"]
[Round "09"]
[TimeControl "180+2"]
[Date "2023.05.09"]
[WhiteClock "0:00:00"]
[BlackClock "0:00:24"]

1. d4 Nh6 2. c4 g6 3. Nc3 Bg7 4. e4 d6 5. Nf3 O-O 6. Be2 f6 7. O-O e5 8. h3 Nc6 9. Be3 Nf7 10. d5 Ne7 11. Nd2 f5 12. f3 f4 13. Bf2 g5 14. c5 h5 15. Qc2 g4 16. hxg4 hxg4 17. fxg4 Ng6 18. cxd6 Nxd6 19. Rac1 Qg5 20. Qd1 Rf7 21. Bf3 Bf8 22. a4 Rh7 23. Re1 b6 24. Nb5 Ba6 25. Qb3 Nh4 26. Nxc7 Nxf3+ 0-1


[Site "https://www.chess.com"]